Map: Eternal Empire LE

Players

Serral - Winner!

  • Race: Zerg Zerg
  • League: Master
  • Spawn Location: 7:00

Neeblet (Neeb)

  • Race: Protoss Protoss
  • Spawn Location: 1:00

Event: StayAtHomestory Cup #1

VOD

https://youtu.be/CRagKO4iB9I?list=PLfWB5v8kDQAsew4qnsq0zatR31tpwcM99&t=1078

Description

Time

  • Played on: April 11, 2020, 12:04 p.m.
  • Length: 8:59

All games in this series

Show
View Real Time Build Order
Export as new Build Order

Serral Zerg - Winner!

Build Orders: Hatch First, Bio Hellbat 

Get SALT Encoding   

  12  0:00  Drone  
  13  0:12  Overlord  
  13  0:16  Drone  
  14  0:30  Drone x2  
  16  0:48  Hatchery  
  15  0:51  Drone  
  15  0:54  Drone  
  17  0:58  Drone  
  18  1:08  Extractor  
  17  1:13  Spawning Pool  
  17  1:16  Drone  
  17  1:21  Drone  
  18  1:28  Drone  
  19  1:38  Drone  
  20  1:48  Drone  
  21  1:59  Overlord  
  21  2:00  Queen x2  
  25  2:02  Zergling x2  
  26  2:10  Drone  
  26  2:11  Drone  
  26  2:14  Metabolic Boost  
  28  2:22  Drone x2  
  30  2:33  Drone x2  
  30  2:35  Queen  
  34  2:40  Queen  
  36  2:45  Overlord  
  36  2:50  Overlord  
  36  3:04  Zergling x2  
  36  3:05  Drone x3  
  40  3:09  Drone x4  
  40  3:11  Drone  
  40  3:12  Drone  
  46  3:18  Lair  
  46  3:20  Extractor  
  46  3:23  Drone  
  46  3:28  Overlord  
  46  3:38  Hatchery  
  46  3:40  Drone x2  
  47  3:45  Overlord  
  47  3:47  Zergling x2, Extractor  
  47  3:48  Drone  
  48  3:50  Drone  
  48  3:52  Drone  
  51  3:55  Drone  
  51  3:57  Spore Crawler  
  51  3:59  Drone x2  
  52  4:03  Drone  
  52  4:05  Drone  
  52  4:06  Drone  
  55  4:12  Zergling x2  
  55  4:15  Hydralisk Den, Zergling x2  
  56  4:18  Zergling x4  
  56  4:22  Drone  
  56  4:23  Drone  
  60  4:26  Evolution Chamber  
  60  4:27  Overlord  
  60  4:29  Spore Crawler  
  60  4:30  Drone  
  59  4:33  Drone  
  60  4:40  Overlord  
  60  4:43  Extractor  
  59  4:46  Drone x3  
  59  4:50  Drone x2  
  59  4:51  Muscular Augments  
  64  4:53  Drone  
  64  4:54  Drone x2  
  64  4:55  Drone  
  64  4:59  Drone x3  
  71  5:04  Overlord  
  71  5:07  Drone x2  
  71  5:10  Spore Crawler  
  71  5:11  Zerg Melee Weapons Level 1  
  71  5:13  Drone  
  73  5:18  Drone  
  73  5:19  Overseer, Drone  
  75  5:22  Drone  
  75  5:26  Extractor  
  74  5:29  Drone  
  74  5:34  Queen  
  74  5:35  Drone x2  
  79  5:36  Hatchery  
  79  5:38  Drone x2  
  79  5:39  Drone  
  79  5:41  Drone x2  
  83  5:46  Baneling Nest, Overlord  
  82  5:51  Overlord  
  82  5:54  Hydralisk x2  
  86  5:57  Overlord  
  86  6:00  Overlord x2  
  86  6:03  Hydralisk  
  87  6:07  Hydralisk x2  
  91  6:13  Hydralisk x3, Unknown  
  96  6:18  Hydralisk  
  96  6:19  Hydralisk  
  96  6:21  Zergling x4  
  102  6:27  Zergling x12  
  102  6:32  Grooved Spines  
  107  6:34  Hydralisk x2  
  107  6:36  Baneling x5  
  107  6:39  Drone  
  112  6:42  Drone x4  
  112  6:44  Baneling x4  
  112  6:45  Drone x2  
  119  6:47  Drone  
  119  6:48  Drone  
  119  6:52  Extractor  
  119  6:54  Spire  
  119  6:56  Drone  
  119  6:57  Drone x3  
  119  7:01  Drone, Overlord  
  122  7:04  Overlord  
  123  7:09  Overlord  
  123  7:11  Drone x2  
  123  7:12  Drone x2  
  127  7:16  Hydralisk  
  127  7:19  Overlord  
  127  7:21  Overlord  
  127  7:22  Hydralisk x2  
  126  7:23  Hydralisk  
  126  7:27  Hydralisk x3  
  138  7:33  Drone  
  138  7:34  Overlord  
  138  7:35  Overlord  
  139  7:45  Drone  
  139  7:46  Drone x2  
  140  8:02  Overlord  
  140  8:07  Mutalisk x13  
  140  8:12  Hatchery  
  164  8:14  Mutalisk  
  164  8:15  Mutalisk  
  164  8:18  Zergling x6  
  171  8:23  Zergling x2  
  171  8:24  Zergling x10  
  177  8:27  Overlord  
  177  8:35  Zergling x22  
  193  8:53  Infestation Pit  
Show
View Real Time Build Order
Export as new Build Order

Neeblet Protoss 

Build Orders: 1 Gate Expand, Oracle Opening, Phoenix Opening, Chargelot Immortal 

Get SALT Encoding   

  12  0:00  Probe  
  13  0:12  Probe  
  14  0:19  Pylon  
  14  0:25  Probe  
  15  0:37  Probe (Chrono Boost)  
  15  0:41  Gateway  
  16  0:47  Probe (Chrono Boost), Assimilator  
  17  0:52  Probe (Chrono Boost)  
  18  1:03  Probe  
  19  1:16  Probe  
  20  1:25  Nexus  
  20  1:36  Probe, Cybernetics Core  
  21  1:42  Assimilator  
  21  1:49  Probe  
  21  1:50  Pylon  
  22  2:01  Probe (Chrono Boost)  
  23  2:09  Adept (Chrono Boost)  
  23  2:10  Probe (Chrono Boost)  
  23  2:15  Probe (Chrono Boost)  
  26  2:21  Stargate  
  27  2:27  Probe  
  28  2:32  Adept  
  28  2:35  Warp Gate  
  30  2:38  Probe (Chrono Boost)  
  30  2:43  Probe (Chrono Boost)  
  32  2:50  Probe (Chrono Boost)  
  33  2:54  Probe (Chrono Boost)  
  33  2:55  Probe (Chrono Boost)  
  35  3:02  Adept  
  35  3:03  Probe  
  35  3:04  Phoenix (Chrono Boost), Probe  
  41  3:11  Pylon  
  41  3:15  Probe  
  41  3:16  Probe  
  43  3:26  Oracle (Chrono Boost)  
  43  3:29  Probe x2  
  43  3:32  Pylon  
  43  3:33  Assimilator  
  48  3:37  Assimilator  
  48  3:41  Probe x2  
  50  3:53  Probe x2  
  50  3:55  Oracle (Chrono Boost)  
  55  3:57  Pylon  
  55  4:05  Probe x2  
  57  4:11  Pylon  
  57  4:12  Gateway  
  57  4:14  Gateway  
  57  4:19  Probe, Robotics Facility  
  57  4:20  Probe  
  59  4:25  Adept  
  59  4:31  Probe  
  62  4:34  Probe  
  63  4:41  Nexus  
  63  4:43  Pylon  
  63  4:45  Probe  
  64  4:48  Probe  
  65  4:57  Probe  
  66  5:00  Probe  
  66  5:03  Forge  
  66  5:05  Sentry, Twilight Council  
  66  5:06  Sentry  
  71  5:09  Probe, Sentry  
  71  5:13  Probe  
  75  5:15  Immortal (Chrono Boost)  
  80  5:21  Probe, Shield Battery  
  80  5:25  Probe  
  81  5:30  Gateway  
  81  5:33  Probe  
  82  5:35  Gateway  
  82  5:37  Probe  
  82  5:38  Pylon  
  82  5:40  Protoss Ground Weapons Level 1 (Chrono Boost)  
  83  5:45  Probe, Charge  
  85  5:50  Probe, Observer (Chrono Boost)  
  85  5:54  Zealot x2  
  85  5:55  Probe  
  91  5:57  Probe  
  91  5:58  Zealot  
  94  6:05  Assimilator  
  94  6:07  Pylon  
  94  6:09  Assimilator, Templar Archives  
  94  6:12  Immortal (Chrono Boost)  
  98  6:20  Probe x3  
  101  6:28  Pylon  
  101  6:32  Probe x3  
  104  6:45  Gateway, Immortal  
  104  6:46  High Templar x2  
  104  6:47  High Templar, Gateway x2  
  114  6:53  Photon Cannon  
  114  6:54  Psionic Storm  
  114  6:56  Pylon  
  114  7:06  High Templar, Zealot  
  118  7:11  Pylon x2  
  118  7:19  Nexus  
  116  7:24  Immortal (Chrono Boost)  
  116  7:26  High Templar  
  116  7:27  Zealot x2  
  126  7:31  Photon Cannon  
  126  7:35  Probe x2  
  128  7:38  Photon Cannon  
  128  7:39  Probe  
  128  7:40  Shield Battery  
  127  7:48  High Templar  
  127  7:49  High Templar  
  127  7:50  Probe x2  
  133  7:52  Probe  
  133  7:57  Assimilator  
  132  8:01  Warp Prism (Chrono Boost)  
  132  8:02  Assimilator  
  132  8:04  Pylon  
  134  8:08  High Templar x2, Zealot x4  
  134  8:11  Probe x3  
  153  8:38  Fleet Beacon  
  151  8:43  Photon Cannon  
  151  8:44  High Templar x2  
  151  8:46  Photon Cannon  
  151  8:47  Zealot x2, Shield Battery  
  159  8:50  Archon, Pylon  
  159  8:51  Pylon  
  157  8:56  Stalker x4  
Tags
 
Add a new tag
Caveats
  • Supply blocks, unpowered buildings, or Contaminate may cause inaccurate times.
  • Supply counts are checked every 10 seconds.